 Dungeon Crawl Stone Soup version 0.28.0-47-ge53b351184 (webtiles) character file.

Game seed: 5137404121387518942

143210 Allula97 the Stickfighter (level 16, 0/130 (134) HPs)
             Began as a Demonspawn Gladiator on May 3, 2022.
             Was a High Priest of Hepliaklqana.
             Killed from afar by a deep elf death mage (13 damage)
             ... with a bolt of negative energy
             ... on level 3 of the Elven Halls.
             The game lasted 01:29:59 (26436 turns).

Allula97 the Stickfighter (Demonspawn Gladiator)   Turns: 26436, Time: 01:30:01

HP:   0/130 (134)   AC: 28    Str: 18    XL:     16   Next: 82%
MP:   0/25          EV: 19    Int:  9    God:    Hepliaklqana [*****.]
Gold: 468           SH:  0    Dex: 18    Spells: 15/15 levels left

rFire   + + +      SeeInvis .   t - +6 lajatang (freeze)
rCold   + + .      Faith    .   (shield currently unavailable)
rNeg    + . .      Spirit   +   x - +6 swamp dragon scales
rPois   +          Reflect  .   c - +0 helmet
rElec   +          Harm     .   d - +2 cloak {Will+}
rCorr   +          Rampage  .   (gloves unavailable)
Will    ++++.                   j - +2 pair of boots {Stlth+}
Stlth   +++++.....              g - amulet of Vitality {Regen+ HP+15}
HPRegen 1.11/turn               M - ring of Faypogga {rF+ rC+ rN+ rCorr}
MPRegen 0.38/turn               v - ring of willpower

@: mighty, resistant, studying Dodging, lightly drained
A: reduced essence, molten scales 3, powered by pain 2, magic shield, magic
regeneration, demonic touch 3, clumsy 1, strong-willed 1, screaming 1
a: Renounce Religion, Recall Ancestor, Ancestor Identity, Transference, Idealise


You were on level 3 of the Elven Halls.
You worshipped Hepliaklqana.
Hepliaklqana was extremely pleased with you.
You visited 5 branches of the dungeon, and saw 24 of its levels.
You visited the Abyss 2 times.
You also visited: Ice Cave.

You collected 2354 gold pieces.
You spent 1886 gold pieces at shops.

Inventory:

Hand Weapons
 a - a +1 quarterstaff
 f - the +6 Majin-Bo {vamp, MP+6 Int+6}
   (You acquired it on level 8 of the Dungeon)

   It occasionally heals its wielder for a portion of the damage dealt when they
   wound a living foe with it or with a spell.
   Its wielder's spells cost health as well as magical power.
   Int:       It affects your intelligence (+6).
   MP:        It affects your magic capacity (+6).
 t - a +6 lajatang of freezing (weapon)
Missiles
 w - 6 datura-tipped darts
 E - a throwing net (quivered)
 J - 28 poisoned darts
Armour
 c - a +0 helmet (worn)
 d - a +2 cloak of willpower (worn)
 j - a +2 pair of boots of stealth (worn)
 x - +6 swamp dragon scales (worn)
 Q - the +3 pair of gauntlets of War {Slay+5}
   (You found it on level 6 of the Lair of Beasts)

   Slay:      It affects your accuracy & damage with ranged weapons and melee
   (+5).
 S - a +2 cloak of cold resistance
Jewellery
 g - the amulet of Vitality (around neck) {Regen+ HP+15}
   (You bought it in a shop on level 1 of the Orcish Mines)

   [amulet of regeneration]

   HP:        It affects your health (+15).
   Regen:     It increases your rate of health regeneration.
 i - a ring of flight
 l - a ring of positive energy
 s - an amulet of reflection
 v - a ring of willpower (right hand)
 M - the ring of Faypogga (left hand) {rF+ rC+ rN+ rCorr}
   (You found it in an ice cave)

   [ring of positive energy]

   rF:        It protects you from fire.
   rC:        It protects you from cold.
   rN:        It protects you from negative energy.
   rCorr:     It protects you from acid and corrosion.
 T - a ring of protection from cold
Wands
 e - a wand of polymorph (14)
 h - a wand of iceblast (26)
 q - a wand of flame (49)
 r - a wand of digging (13)
 I - a wand of mindburst (2)
 N - a wand of acid (1)
 O - a wand of paralysis (14)
Scrolls
 b - 5 scrolls of fear
 n - 6 scrolls of teleportation
 o - a scroll of brand weapon
 z - 3 scrolls of identify
 B - 4 scrolls of immolation
 F - 3 scrolls of fog
 U - a scroll of magic mapping
Potions
 k - 4 potions of curing
 m - 2 potions of brilliance
 p - 3 potions of resistance
 u - 2 potions of flight
 A - 3 potions of attraction
 C - a potion of cancellation
 D - 5 potions of ambrosia
Miscellaneous
 H - a phantom mirror


   Skills:
 * Level 14.2 Fighting
 * Level 16.3 Staves
 + Level 1.9 Throwing
 * Level 10.1 Armour
 * Level 14.2 Dodging
 * Level 11.8 Stealth
 - Level 0.2 Shields
 * Level 12.7 Invocations
 + Level 0.3 Evocations


You had 15 spell levels left.
You didn't know any spells.
Your spell library contained the following spells:

 Spells                   Type           Power      Damage    Failure   Level
 Apportation              Tloc           0%         N/A       54%         1
 Magic Dart               Conj           0%         1d3       54%         1
 Shock                    Conj/Air       0%         1d3       54%         1
 Blink                    Tloc           0%         N/A       67%         2
 Call Imp                 Summ           0%         N/A       67%         2
 Searing Ray              Conj           0%         2d4       67%         2
 Conjure Flame            Conj/Fire      0%         6-21      88%         3
 Dazzling Flash           Conj/Hex       0%         N/A       88%         3
 Ignite Poison            Fire/Tmut/Pois 0%         N/A       88%         3
 Lesser Beckoning         Tloc           0%         N/A       88%         3
 Mephitic Cloud           Conj/Pois/Air  0%         N/A       88%         3
 Summon Guardian Golem    Hex/Summ       0%         N/A       88%         3
 Animate Dead             Necr           0%         N/A       99%         4
 Fulminant Prism          Conj/Hex       0%         3d6       99%         4
 Hailstorm                Conj/Ice       0%         3d3       99%         4
 Ice Form                 Ice/Tmut       0%         N/A       99%         4
 Passage of Golubria      Tloc           0%         N/A       99%         4
 Petrify                  Tmut/Erth      0%         N/A       99%         4
 Sticky Flame             Conj/Fire      0%         2d3       99%         4
 Agony                    Necr           0%         N/A       100%        5
 Alistair's Intoxication  Tmut/Pois      0%         N/A       100%        5
 Manifold Assault         Tloc           0%         N/A       100%        5
 Metabolic Englaciation   Hex/Ice        0%         N/A       100%        5
 Silence                  Hex/Air        0%         N/A       100%        5
 Simulacrum               Ice/Necr       0%         N/A       100%        6
 Statue Form              Tmut/Erth      0%         N/A       100%        6
 Haunt                    Necr/Summ      0%         N/A       100%        7
 Orb of Destruction       Conj           0%         9d5       100%        7
 Spellforged Servitor     Conj/Summ      0%         N/A       100%        7
 Infestation              Necr           0%         N/A       100%        8
 Lehudib's Crystal Spear  Conj/Erth      0%         10d2      100%        8


Dungeon Overview and Level Annotations

Branches:
Dungeon (12/15)            Temple (1/1) D:4            Lair (6/6) D:9
 Shoals (0/4) Lair:3        Snake (0/4) Lair:4        Slime (0/5) Lair:6
    Orc (2/2) D:11            Elf (3/3) Orc:2         IceCv (visited)

Altars:
Ashenzari
Cheibriados
Dithmenos
Elyvilon
Fedhas
Gozag
Hepliaklqana
Kikubaaqudgha
Makhleb
Nemelex Xobeh
Okawaru
Qazlal
Ru
Sif Muna
Trog
Uskayaw
Vehumet
Wu Jian
Xom
Yredelemnul
Zin
The Shining One
Beogh
Lugonu

Shops:
D:6 (   D:7 [   D:11 [   Orc:1 =   Orc:2 [:[=   Elf:1 [   Elf:2 [(=*

Portals:
Abyss: Lair:6

Annotations:
Elf:3 Bai Suzhen


Innate Abilities, Weirdness & Mutations

Your life essence is reduced to manifest your ancestor. (-10% HP)
You are completely covered in molten scales. (AC +4, rF+)
You sometimes gain power by taking damage.
When hurt, damage is shared between your health and your magic reserves.
You regenerate magic rapidly.
Your touch may irresistibly damage your foes and sap their willpower.
You are clumsy. (Dex -2)
You are strong-willed. (Will+)
You occasionally shout uncontrollably at your foes.


Message History

You yell at the deep elf zephyrmancer!
The deep elf high priest calls down the wrath of its god upon you.
The sphere of damnation explodes!
The damnation engulfs you!!
* * * LOW HITPOINT WARNING * * *
You focus on the pain.
You feel your power returning.
The damnation engulfs the deep elf elementalist!!
The deep elf elementalist hits you but does no damage.
You hear a shout! x3
You cut the deep elf elementalist into ribbons!!!
You freeze the deep elf elementalist.
You kill the deep elf elementalist!
The deep elf elementalist points at you and mumbles some strange words.
The freezing blast engulfs you. You resist.
The deep elf sorcerer shouts, "You are history!"
The deep elf high priest prays to its god.
The deep elf high priest begins emitting a brilliant aura!
The deep elf sorcerer is empowered by the deep elf high priest's aura!
The deep elf zephyrmancer is empowered by the deep elf high priest's aura!
The deep elf knight is empowered by the deep elf high priest's aura!
The deep elf archer is empowered by the deep elf high priest's aura!
The deep elf zephyrmancer is empowered by the deep elf high priest's aura!
The deep elf death mage is empowered by the deep elf high priest's aura!
The deep elf sorcerer casts a spell at you.
The bolt of acid hits you! You resist.
* * * LOW HITPOINT WARNING * * *
Unknown command.
You feel better.
You are engulfed in freezing vapours.
You resist.
* * * LOW HITPOINT WARNING * * *
The deep elf zephyrmancer gestures wildly while chanting.
The deep elf zephyrmancer blinks!
A deep elf demonologist comes into view.
It is wielding a +3 dagger.
The deep elf zephyrmancer mumbles some strange words.
The deep elf zephyrmancer blinks!
You feel better.
You are engulfed in freezing vapours.
You resist.
* * * LOW HITPOINT WARNING * * *
Your surroundings seem slightly different.
The deep elf death mage is engulfed in freezing vapours.
The deep elf death mage points at you and mumbles some strange words.
The bolt of negative energy hits you! You partially resist.
You feel drained.
You die...

.e....#
#...e#
#...##
#.e○○#
#.○○e#
##.○☼○##
##.e○...#
..e.....#
e........@#
..e...#####
...### .##


You could see a deep elf death mage (empowered), 2 deep elf sorcerers, a deep
elf elementalist (fast, repels missiles), a deep elf pyromancer and a deep elf
zephyrmancer (empowered).

Vanquished Creatures
  Nikola (Elf:1)
  A tentacled starspawn (Abyss:2)
  Kirke (Lair:4)
  2 orc warlords (Orc:1)
  2 deep elf elementalists (Elf:3)
  A deep elf demonologist (Elf:3)
  A starcursed mass (Abyss:1)
  2 deep elf annihilators
  3 deep elf death magi (Elf:3)
  Harold (D:9)
  A boulder beetle (Lair:4)
  Erolcha (Orc:2)
  5 hydras
  26 dancing weapons
  4 two-headed ogres
  2 thrashing horrors (Lair:6)
  11 orc high priests
  The ghost of crawlogic the Cleaver, a novice HOBe of Trog (D:7)
  10 deep elf knights
  3 wretched stars (Abyss:1)
  A sixfirhy (Abyss:2)
  13 deep elf archers
  25 deep elf pyromancers
  A necromancer (IceCv)
  An orc sorcerer (Orc:1)
  19 deep elf zephyrmancers
  A wolf spider (D:11)
  4 orc knights
  2 manticores
  5 ugly things
  A moth of wrath (D:7)
  Maurice (D:10)
  An ice statue (IceCv)
  2 black mambas (Lair:5)
  14 elephants
  3 smoke demons
  A gargoyle (D:11)
  2 torpor snails
  9 cane toads
  An unseen horror (D:7)
  An anaconda simulacrum (IceCv)
  10 komodo dragons
  2 ancient zymes
  14 ice devils
  4 freezing wraiths (IceCv)
  4 trolls
  4 large abominations
  A hellwing (Abyss:1)
  3 polar bears
  10 blink frogs
  A queen bee (Lair:2)
  8 slime creatures
  16 dream sheep
  2 ynoxinuls
  2 air elementals (Elf:2)
  A culicivora (shapeshifter) (D:10)
  2 spriggans (Lair:6)
  30 yaks
  3 water elementals
  A wraith (Abyss:1)
  3 hogs (Lair:4)
  6 wyverns
  2 dire elephant simulacra (IceCv)
  3 fire elementals
  7 vampire mosquitoes (D:12)
  6 basilisks
  A neqoxec (Abyss:1)
  Edmund (D:4)
  2 chaos spawn
  2 harpy simulacra (IceCv)
  Menkaure (D:6)
  10 wargs
  An acid dragon (D:12)
  5 death yak simulacra (IceCv)
  A naga (Lair:4)
  16 water moccasins
  A hornet zombie (D:8)
  33 orc warriors
  3 black bears
  3 boggarts (D:12)
  2 wolves (Lair:2)
  9 ogres
  3 centaurs
  15 small abominations
  8 bullfrogs
  2 earth elementals
  A gnoll sergeant (D:11)
  A two-headed ogre simulacrum (IceCv)
  4 cane toad simulacra (IceCv)
  4 elephant simulacra (IceCv)
  29 killer bees
  7 wights
  3 electric eels (Lair:2)
  5 howler monkeys
  A hexer (Lair:3)
  5 centaur zombies
  2 bullfrog zombies (D:3)
  39 orc priests
  A jelly (D:7)
  A bullfrog skeleton (D:5)
  An iron imp (Abyss:2)
  3 iguanas
  18 orc wizards
  A troll simulacrum (IceCv)
  5 polar bear simulacra (IceCv)
  A spriggan simulacrum (IceCv)
  A wolf simulacrum (IceCv)
  A hound skeleton (D:4)
  A howler monkey zombie (D:10)
  A howler monkey skeleton (D:4)
  9 adders
  9 gnolls
  2 white imps
  2 ufetubi
  A dart slug (D:5)
  83 orcs
  9 endoplasms
  2 giant cockroaches (D:3)
  6 goblins
  10 hobgoblins
  2 jackals (D:3)
  5 quokkas
  6 ball pythons
  5 bats
  6 frilled lizards
  8 kobolds
  9 rats
  A starspawn tentacle (Abyss:2)
762 creatures vanquished.

Vanquished Creatures (collateral kills)
  A draconian scorcher (Abyss:1)
  A boulder beetle (D:8)
  2 hydras (Lair:2)
  An alligator (shapeshifter) (Lair:6)
  A dancing weapon (Elf:1)
  A deep elf knight (Elf:3)
  Nergalle (Lair:3)
  3 deep elf zephyrmancers
  2 deep elf archers (Elf:1)
  2 deep elf pyromancers
  An orc sorcerer (Orc:1)
  2 centaur zombies
  2 smoke demons
  An elephant (Lair:2)
  3 cane toads
  Maggie (D:6)
  A rime drake (Lair:2)
  A hellion (Abyss:1)
  An anaconda simulacrum (IceCv)
  An ancient zyme (Lair:6)
  A polar bear (Lair:2)
  A harpy skeleton (Abyss:2)
  8 blink frogs
  3 dream sheep
  2 large abominations
  A slime creature (D:11)
  2 wyverns
  A hog (Lair:4)
  6 yaks
  A chaos spawn (Lair:6)
  4 basilisks
  2 steam dragons
  5 water moccasins
  3 orc warriors
  A boggart (D:12)
  A centaur (D:7)
  2 bullfrogs
  4 killer bees (Lair:2)
  A howler monkey (D:9)
  4 wights
  A hound (D:7)
  4 orc wizards
  A polar bear simulacrum (IceCv)
  A howler monkey zombie (D:9)
  A white imp (IceCv)
  9 orcs
99 creatures vanquished.

Vanquished Creatures (others)
  A deep elf pyromancer (Elf:1)
  A polar bear (Lair:4)
  A human (Lair:4)
  26 hexers
  3 ancestors
  An orc (Orc:1)
  A bush (Lair:5)
  22 fungi
  45 plants
  A starspawn tentacle (Abyss:2)
102 creatures vanquished.

Grand Total: 963 creatures vanquished

Notes
Turn   | Place    | Note
-------+----------+-------------------------------------------
     0 | D:1      | Allula97 the Demonspawn Gladiator began the quest for the
                  | Orb.
     0 | D:1      | Reached XP level 1. HP: 16/16 MP: 1/1
   501 | D:1      | Reached skill level 3 in Staves
   510 | D:1      | Gained mutation: You are partially covered in molten
                  | scales. (AC +2) [demonic ancestry]
   510 | D:1      | Reached XP level 2. HP: 19/22 MP: 2/2
   832 | D:1      | Found a faded altar of an unknown god.
  1337 | D:2      | Gained mutation: You are mostly covered in molten scales.
                  | (AC +3) [demonic ancestry]
  1337 | D:2      | Reached XP level 3. HP: 15/28 MP: 3/3
  1779 | D:2      | Gained mutation: You sometimes gain a little power by
                  | taking damage. [demonic ancestry]
  1779 | D:2      | Reached XP level 4. HP: 34/34 MP: 4/4
  1921 | D:2      | Reached skill level 1 in Armour
  2706 | D:3      | Reached skill level 4 in Staves
  2706 | D:3      | Gained mutation: Your touch may inflict minor irresistible
                  | damage on your foes. [demonic ancestry]
  2706 | D:3      | Reached XP level 5. HP: 36/39 MP: 5/5
  3101 | D:4      | Gained mutation: You regenerate magic rapidly. [demonic
                  | ancestry]
  3101 | D:4      | Reached XP level 6. HP: 41/47 MP: 6/6
  3124 | D:4      | Found a shadowy altar of Dithmenos.
  3182 | D:4      | Noticed Edmund
  3208 | D:4      | Killed Edmund
  3209 | D:4      | Reached skill level 5 in Staves
  3209 | D:4      | Reached skill level 1 in Stealth
  3549 | D:4      | Found a staircase to the Ecumenical Temple.
  3583 | Temple   | Entered the Ecumenical Temple
  3897 | Temple   | Became a worshipper of Hepliaklqana the Forgotten
  4149 | D:5      | Entered Level 5 of the Dungeon
  4149 | D:5      | Noticed a wyvern
  4160 | D:5      | Killed a wyvern
  4161 | D:5      | Reached XP level 7. HP: 24/52 MP: 7/7
  4639 | D:5      | Reached skill level 6 in Staves
  4968 | D:5      | Reached skill level 1 in Invocations
  5394 | D:5      | Gained mutation: You sometimes gain power by taking damage.
                  | [demonic ancestry]
  5394 | D:5      | Reached XP level 8. HP: 50/60 MP: 8/8
  5963 | D:6      | Found Yruufona's Antique Weapon Shoppe.
  5996 | D:6      | HP: 2/60 [water moccasin (6)]
  6005 | D:6      | Reached skill level 5 in Dodging
  6007 | D:6      | Bought a runed quarterstaff for 126 gold pieces
  6378 | D:6      | Noticed Menkaure
  6385 | D:6      | HP: 3/60 [Menkaure/nerve-wracking pain (14)]
  6386 | D:6      | Killed Menkaure
  6854 | D:6      | Reached * piety under Hepliaklqana
  6915 | D:6      | Reached skill level 7 in Staves
  7069 | D:6      | Noticed Maggie
  7090 | D:6      | Killed Maggie
  7402 | D:7      | Gained mutation: When hurt, damage is shared between your
                  | health and your magic reserves. [demonic ancestry]
  7402 | D:7      | Reached XP level 9. HP: 51/60 MP: 11/11
  7662 | D:7      | Found Juudgh's Armour Emporium.
  7759 | D:7      | Killed an unseen horror
  7760 | D:7      | Reached skill level 5 in Fighting
  7780 | D:7      | Found a transporter.
  7783 | D:7      | Noticed a moth of wrath
  7784 | D:7      | Noticed crawlogic's ghost (novice HOBe)
  7802 | D:7      | Found a transporter.
  7829 | D:7      | Reached skill level 8 in Staves
  7859 | D:7      | Killed crawlogic's ghost
  7863 | D:7      | Killed a moth of wrath
  7864 | D:7      | Reached skill level 5 in Armour
  8314 | D:8      | Reached XP level 10. HP: 57/67 MP: 13/13
  8316 | D:8      | Reached skill level 9 in Staves
  8438 | D:8      | Reached ** piety under Hepliaklqana
  8439 | D:8      | Remembered your ancestor Leofsige as a hexer
  8486 | D:8      | Reached skill level 5 in Invocations
  8550 | D:8      | Noticed a boulder beetle
  8588 | D:8      | Noticed a two-headed ogre
  8602 | D:8      | Killed a two-headed ogre
  8610 | D:8      | Killed a boulder beetle
  8701 | D:8      | Identified a scroll of acquirement
  8701 | D:8      | Acquired the +6 Majin-Bo {vamp, MP+6 Int+6}
  8701 | D:8      | Found the +6 Majin-Bo {vamp, MP+6 Int+6}
  8740 | D:8      | Noticed a manticore
  8741 | D:8      | Noticed a deep elf pyromancer
  8754 | D:8      | Reached skill level 10 in Staves
  8759 | D:8      | Killed a manticore
  8769 | D:8      | Killed a deep elf pyromancer
  8781 | D:8      | Identified the +0 robe "Jagigij" {rC+}
  9473 | D:9      | Noticed a manticore
  9484 | D:9      | Killed a manticore
  9485 | D:9      | Reached XP level 11. HP: 72/74 MP: 15/15
  9689 | D:9      | Noticed a two-headed ogre
  9710 | D:9      | Killed a two-headed ogre
  9805 | D:9      | Noticed Harold
  9822 | D:9      | Killed Harold
  9823 | D:9      | Reached skill level 5 in Stealth
  9828 | D:9      | Found a staircase to the Lair.
  9836 | D:9      | Reached *** piety under Hepliaklqana
 10132 | Lair:1   | Entered Level 1 of the Lair of Beasts
 10142 | Lair:1   | Noticed a six-headed hydra
 10153 | Lair:1   | Killed a six-headed hydra
 10222 | Lair:1   | Reached skill level 11 in Staves
 10985 | Lair:2   | Identified the +4 ring mail of the Lion {+Inv}
 11127 | Lair:2   | Gained mutation: You are completely covered in molten
                  | scales. (AC +4, rF+) [demonic ancestry]
 11127 | Lair:2   | Reached XP level 12. HP: 82/82 MP: 17/17
 11176 | Lair:2   | Reached skill level 12 in Staves
 11338 | Lair:2   | Noticed a six-headed hydra
 11464 | Lair:2   | Killed a six-headed hydra
 11516 | Lair:2   | Noticed a five-headed hydra
 11525 | Lair:2   | Killed a five-headed hydra
 11591 | Lair:2   | Reached skill level 10 in Dodging
 11894 | Lair:2   | Reached **** piety under Hepliaklqana
 11940 | Lair:2   | Reached skill level 13 in Staves
 12395 | Lair:3   | Found a staircase to the Shoals.
 12450 | Lair:3   | Noticed Nergalle
 12467 | Lair:3   | Killed Nergalle
 12514 | Lair:3   | Noticed a four-headed hydra
 12526 | Lair:3   | Killed a four-headed hydra
 12545 | Lair:3   | Reached XP level 13. HP: 83/90 MP: 19/19
 13938 | Lair:4   | Gained mutation: You have large cloven feet. [potion of
                  | mutation]
 13938 | Lair:4   | Gained mutation: Your spells are a little harder to cast,
                  | but a little more powerful. [potion of mutation]
 13982 | Lair:4   | Found a staircase to the Snake Pit.
 14000 | Lair:4   | Noticed Kirke
 14028 | Lair:4   | Killed Kirke
 15388 | Lair:5   | Reached skill level 10 in Fighting
 15415 | Lair:5   | Reached skill level 14 in Staves
 15502 | Lair:5   | Reached ***** piety under Hepliaklqana
 15606 | Lair:6   | Entered Level 6 of the Lair of Beasts
 15792 | Lair:6   | Found a staircase to the Slime Pits.
 16151 | Lair:6   | Gained mutation: Your touch may inflict irresistible damage
                  | on your foes. [demonic ancestry]
 16151 | Lair:6   | Reached XP level 14. HP: 50/99 MP: 21/21
 16376 | Lair:6   | Found the +3 pair of gauntlets of War {Slay+5}
 16514 | Lair:6   | Found a corrupted altar of Lugonu.
 16517 | Lair:6   | Found a one-way gate to the infinite horrors of the Abyss.
 16622 | Lair:6   | Voluntarily entered the Abyss.
 16729 | Abyss:1  | Noticed a red draconian scorcher
 16745 | Abyss:1  | Killed a red draconian scorcher
 16763 | Abyss:1  | Noticed a starcursed mass
 16770 | Abyss:1  | Noticed a starcursed mass
 16780 | Abyss:1  | Paralysed by accursed screaming for 1 turns
 16806 | Abyss:1  | Killed a starcursed mass
 16818 | Abyss:1  | Noticed a tentacled starspawn
 17053 | Abyss:1  | Noticed a starcursed mass
 17057 | Lair:6   | Escaped the Abyss
 17476 | Lair:6   | Reached skill level 10 in Invocations
 17971 | D:10     | Entered Level 10 of the Dungeon
 17987 | D:10     | Noticed Maurice
 17997 | D:10     | Killed Maurice
 18039 | D:10     | Lost mutation: Your spells are a little harder to cast, but
                  | a little more powerful. [potion of mutation]
 18039 | D:10     | Lost mutation: You have large cloven feet. [potion of
                  | mutation]
 18039 | D:10     | Gained mutation: You are weak. (Str -2) [potion of
                  | mutation]
 18039 | D:10     | Lost mutation: You are weak. (Str -2) [potion of mutation]
 18039 | D:10     | Gained mutation: Your mind is acute. (Int +2) [potion of
                  | mutation]
 18040 | D:10     | Lost mutation: Your mind is acute. (Int +2) [potion of
                  | mutation]
 18040 | D:10     | Gained mutation: Your system is resistant to poisons.
                  | (rPois) [potion of mutation]
 18040 | D:10     | Gained mutation: Your natural rate of healing is unusually
                  | fast. [potion of mutation]
 18040 | D:10     | Gained mutation: Your body sometimes deteriorates upon
                  | taking damage. [potion of mutation]
 18702 | D:12     | Found a frozen archway.
 18732 | IceCv    | Entered an ice cave
 18890 | IceCv    | Found an ancient bone altar of Kikubaaqudgha.
 19174 | IceCv    | Identified the ring of Faypogga {rF+ rC+ rN+ rCorr}
 19549 | D:12     | Found a bloodstained altar of Trog.
 20234 | D:11     | Found Ecloas Eha's Armour Boutique.
 20236 | D:11     | Found a staircase to the Orcish Mines.
 20455 | Orc:1    | Entered Level 1 of the Orcish Mines
 20469 | Orc:1    | Reached skill level 15 in Staves
 20639 | Orc:1    | Found Agiq Dou's Jewellery Emporium.
 20800 | Orc:1    | Noticed an orc warlord
 20829 | Orc:1    | Killed an orc warlord
 20830 | Orc:1    | Reached XP level 15. HP: 104/108 MP: 23/23
 20851 | Orc:1    | Noticed an orc warlord
 20877 | Orc:1    | Killed an orc warlord
 21324 | Orc:1    | You are sucked into a shaft and drop 1 floor!
 21324 | Orc:2    | Entered Level 2 of the Orcish Mines
 21337 | Orc:2    | Noticed Erolcha
 21393 | Orc:2    | Killed Erolcha
 21821 | Orc:2    | Found Asoc's Armour Emporium.
 21821 | Orc:2    | Found Laoply's Jewellery Shop.
 21893 | Orc:2    | Found Qeeps's Book Shop.
 21918 | Orc:2    | Reached skill level 10 in Stealth
 21932 | Orc:2    | Bought a manual of Dodging for 800 gold pieces
 21940 | Orc:2    | Found Doyniluo's Armour Emporium.
 22280 | Orc:2    | Found a staircase to the Elven Halls.
 22866 | Orc:1    | Bought the amulet of Vitality {Regen+ HP+15} for 790 gold
                  | pieces
 22866 | Orc:1    | Found the amulet of Vitality {Regen+ HP+15}
 22916 | Elf:1    | Entered Level 1 of the Elven Halls
 23278 | Elf:1    | Got the Almanac of Combat Magic
 23401 | Elf:1    | Found Asmoq's Antique Armour Shop.
 23479 | Elf:1    | Reached ****** piety under Hepliaklqana
 23609 | Elf:1    | Noticed Nikola
 23621 | Elf:1    | Killed Nikola
 23622 | Elf:1    | Gained mutation: Your touch may irresistibly damage your
                  | foes and sap their willpower. [demonic ancestry]
 23622 | Elf:1    | Reached XP level 16. HP: 51/117 MP: 11/25
 23663 | Elf:1    | Lost mutation: Your natural rate of healing is unusually
                  | fast. [potion of mutation]
 23663 | Elf:1    | Lost mutation: Your body sometimes deteriorates upon taking
                  | damage. [potion of mutation]
 23663 | Elf:1    | Gained mutation: You are clumsy. (Dex -2) [potion of
                  | mutation]
 23663 | Elf:1    | Gained mutation: Armour fits poorly on your strangely
                  | shaped body. [potion of mutation]
 23663 | Elf:1    | Gained mutation: You are somewhat resistant to further
                  | mutation. [potion of mutation]
 23787 | Elf:1    | Lost mutation: Your system is resistant to poisons. (rPois)
                  | [potion of mutation]
 23787 | Elf:1    | Lost mutation: Armour fits poorly on your strangely shaped
                  | body. [potion of mutation]
 23787 | Elf:1    | Lost mutation: You are somewhat resistant to further
                  | mutation. [potion of mutation]
 23787 | Elf:1    | Gained mutation: You occasionally shout uncontrollably at
                  | your foes. [potion of mutation]
 23787 | Elf:1    | Gained mutation: You are strong-willed. (Will+) [potion of
                  | mutation]
 24220 | Elf:2    | Found Saxung's Jewellery Shoppe.
 24289 | Elf:2    | Paralysed by an air elemental for 1 turns
 24308 | Elf:2    | Found Gum Kyig's Assorted Antiques.
 24319 | Elf:2    | Bought a potion of heal wounds for 170 gold pieces
 24476 | Elf:2    | Found Waong's Antique Weapon Boutique.
 24532 | Elf:2    | Paralysed by an air elemental for 1 turns
 24536 | Elf:2    | Paralysed by an air elemental for 1 turns
 24543 | Elf:2    | Paralysed by an air elemental for 1 turns
 24547 | Elf:2    | Paralysed by an air elemental for 1 turns
 24675 | Elf:2    | Found Gerif's Armour Shoppe.
 24782 | Elf:2    | Found a huge runed translucent gate.
 24782 | Elf:2    | Found a huge runed translucent gate.
 24782 | Elf:2    | Found a huge runed translucent gate.
 24782 | Elf:2    | Found a huge runed translucent gate.
 24782 | Elf:2    | Found a huge runed translucent gate.
 24924 | Elf:2    | Reached skill level 16 in Staves
 24946 | Elf:2    | Cast into level 2 of the Abyss (+3 executioner's axe of
                  | distortion)
 24946 | Abyss:2  | Found a corrupted altar of Lugonu.
 25022 | Abyss:2  | Noticed a tentacled starspawn
 25029 | Abyss:2  | Killed a tentacled starspawn
 25041 | Elf:2    | Escaped the Abyss
 25882 | Elf:3    | Entered Level 3 of the Elven Halls
 25929 | Elf:3    | Reached skill level 10 in Armour
 26410 | Elf:3    | Noticed a Hell Sentinel
 26412 | Elf:3    | Noticed Bai Suzhen
 26433 | Elf:3    | Identified the ring "Cifrakle" {Fire rN+ Int+7}
 26433 | Elf:3    | HP: 6/134 [deep elf high priest/damnation (16)]
 26436 | Elf:3    | Killed from afar by a deep elf death mage

Illustrated notes

Levels and vault maps discovered:
D:1:      matt_arrival_refuge, layout_loops_ring,
          chequers_ecumenical_altar_simple_redux, serial_bayou,
          serial_bayou_shore_b, serial_bayou_ford_a, serial_bayou_crossing,
          serial_bayou_pond_b, serial_bayou_lake_a, serial_bayou_shore_a
D:2:      layout_basic
D:3:      layout_loops_ring, guppyfry_early_lair_pool
D:4:      layout_rooms, mainiacjoe_overflow_tiny_flanked,
          minmay_temple_entry_drinking_statues, st_stairs_7,
          serial_bayou_lagoon_b, uniq_edmund
D:5:      layout_basic, minmay_manual_mares
D:6:      layout_loops_corners, serial_shops, nicolae_shop_overgrown_old_shop,
          uniq_menkaure, uniq_maggie
D:7:      layout_basic, serial_shops, kennysheep_mini,
          gammafunk_ghost_berserking_beasts, grunt_ministairs_11,
          nicolae_concentric_dashed_squares_mild
D:8:      minmay_curly_fans, layout_loops_ring
D:9:      layout_loops_corners, lair_entry_dummy, hangedman_decor_riveting,
          uniq_harold
D:10:     layout_cave_pools, uniq_maurice
D:11:     layout_rooms, orc_0_dummy, serial_shops, shop_fountains, tso_altar
D:12:     layout_loops_corners, portal_ice_cave_demonic_guard,
          trog_three_pillars_becter
Temple:   mainiacjoe_temple_hex_bubbles
Lair:1:   layout_layer_cave
Lair:2:   regret_index_tunnel_blossom, layout_long_grid, wad_woods_river_02,
          infiniplex_staircase_pool
Lair:3:   layout_loops_ring, elwin_shoals_entry_rocks, serial_rivers,
          chequers_serial_rivers_large_a, chequers_serial_rivers_micro_c,
          chequers_serial_rivers_large_b, chequers_serial_rivers_micro_b,
          chequers_serial_rivers_micro_e, chequers_serial_rivers_marsh,
          uniq_nergalle
Lair:4:   layout_cave_pods, minmay_snake_entry_guardpost_small,
          beast_lair_carwin_9, grunt_megastairs_4, uniq_kirke
Lair:5:   layout_regular_city, cheibrodos_lair_reptile_den
Lair:6:   hellmonk_lair_end_abyssal_woods, layout_regular_city, slime_dummy
Orc:1:    orc_temple, layout_diamond_mine, serial_shops, shop_fountains
Orc:2:    st_orc_town, layout_diamond_mine, basic_altar, uniq_erolcha
Elf:1:    minmay_elf_arrival_summoners, layout_loops_corners, serial_shops,
          nicolae_shop_window_shopping, minmay_elf_annihilation,
          corexii_leaking_fountain, uniq_nikola
Elf:2:    elven_hall_of_blades_hangedman_alternative
          [nicolae_blade_entry_sentries_behind_glass], layout_geoelf_octagon,
          serial_shops, nicolae_shop_crystal, shop, shop, shop
Elf:3:    minmay_elf_hall_curves, layout_loops_cross, serial_shops,
          nicolae_shop_trees, uniq_bai_suzhen

Skill      XL: |  1  2  3  4  5  6  7  8  9 10 11 12 13 14 15 16 |
---------------+-------------------------------------------------+-----
Staves         | 3 4 5 6 7 8 10 11 13 14 15 16 | 16.3
Dodging        | 3 4 5 6 8 9 10 11 12 13 14 | 14.2
Armour         | 1 2 3 4 5 6 7 8 9 10 | 10.1
Fighting       | 3 4 5 6 8 9 10 11 13 14 | 14.2
Stealth        | 1 2 3 4 5 7 8 9 10 11 | 11.8
Invocations    | 1 3 4 6 7 8 9 10 12 | 12.7
Throwing       | |  1.9
Shields        | |  0.2
Evocations     | |  0.3

Action                   |  1- 3 |  4- 6 |  7- 9 | 10-12 | 13-15 | 16-18 || total
-------------------------+-------+-------+-------+-------+-------+-------++-------
Melee: Quarterstaff      |   102 |   173 |   315 |   772 |  1729 |       ||  3091
       Lajatang          |       |       |       |       |   133 |   378 ||   511
Throw: Throwing net      |       |     1 |     2 |     3 |     1 |       ||     7
Invok: Recall Ancestor   |       |       |     2 |       |     2 |       ||     4
       Ancestor Identity |       |       |     1 |       |       |       ||     1
       Ancestor Life: He |       |       |       |     1 |       |       ||     1
       Idealise          |       |       |       |     2 |     6 |     4 ||    12
       Transference      |       |       |       |       |     1 |       ||     1
Evoke: Wand              |       |       |       |     2 |     3 |       ||     5
  Use: Scroll            |       |     3 |     9 |     9 |    13 |     6 ||    40
       Potion            |       |       |     8 |     4 |    14 |    15 ||    41
 Stab: Sleeping          |     1 |     3 |     2 |    11 |    24 |     7 ||    48
       Held in net/web   |       |     2 |     3 |     2 |     1 |       ||     8
       Distracted        |       |       |     2 |    10 |    27 |    11 ||    50
       Confused          |       |       |       |    12 |    16 |       ||    28
       Paralysed         |       |       |       |       |     7 |     2 ||     9
       Invisible         |       |       |       |       |     7 |       ||     7
Armor: Ring mail         |    17 |       |       |       |       |       ||    17
       Scale mail        |    36 |    90 |    77 |       |       |       ||   203
       Swamp dragon scal |       |       |   102 |   327 |   643 |   203 ||  1275
Dodge: Dodged            |    48 |    82 |   198 |   541 |  1154 |   269 ||  2292
Block: Other             |       |    18 |    77 |   166 |   331 |       ||   592
       Reflection        |       |       |       |       |     3 |       ||     3
